 Dungeon Crawl Stone Soup version 0.30.0-10-gfe55d96785 (webtiles) character file.

Game seed: 9701121842103389829

2058 qw the Blocker (level 9, -3/53 HPs)
             Began as a Gargoyle Cinder Acolyte on May 17, 2023.
             Was an Elder of Ignis.
             Slain by an unseen horror (7 damage)
             ... on level 6 of the Dungeon.
             The game lasted 00:03:32 (5458 turns).

qw the Blocker (Gargoyle Cinder Acolyte)            Turns: 5458, Time: 00:03:32

Health: -3/53      AC: 22    Str: 21    XL:     9   Next: 25%
Magic:  10/10      EV:  4    Int: 16    God:    Ignis [****..]
Gold:   381        SH: 13    Dex:  5    Spells: 10/10 levels left

rFire   + . .        n - +0 war axe (flame)
rCold   . . .        h - +0 tower shield
rNeg    + . .        f - +0 plate armour
rPois   inf          j - +0 helmet
rElec   +            (no cloak)
rCorr   .            m - +0 pair of gloves
SInv    .            o - +1 pair of boots
Will    +....        (no amulet) Stlth
                     c - ring of willpower
HPRegen 0.28/turn    (no ring)
MPRegen 0.12/turn

%: no passive effects
@: no status effects
A: sickness immunity, AC +6, negative energy resistance 1, electricity
resistance, torment resistance 1, petrification resistance
a: Renounce Religion, Fiery Armour, Foxfire Swarm, Rising Flame


You were on level 6 of the Dungeon.
You worshipped Ignis.
Ignis was greatly pleased with you.
You visited 1 branch of the dungeon, and saw 6 of its levels.

You collected 381 gold pieces.


Innate Abilities, Weirdness & Mutations

You are immune to sickness and miasma.
Your stone body is resilient. (AC +6)
You are immune to poison.
You resist negative energy. (rN+)
You are resistant to electric shocks. (rElec)
You are resistant to unholy torment.
You are immune to petrification.


   Skills:
 - Level 4.8 Fighting
 - Level 6.7 Axes
 + Level 3.7 Armour
 - Level 9.2 Shields
 - Level 1.0 Spellcasting
 - Level 3.0 Fire Magic


You had 10 spell levels left.
You didn't know any spells.
Your spell library contained the following spells:

 Spells                   Type           Power      Damage    Failure   Level
 Scorch                   Fire           20%        2d5       100%        2

Inventory:

Hand Weapons
 n - a +0 war axe of flaming (weapon)
Missiles
 e - 8 boomerangs (quivered)
Armour
 f - a +0 plate armour (worn)
 h - a +0 tower shield (worn)
 j - a +0 helmet (worn)
 m - a +0 pair of gloves (worn)
 o - a +1 pair of boots (worn)
Jewellery
 c - a ring of willpower (left hand)
 l - a ring of fire
Scrolls
 a - a scroll of identify
 d - a scroll of fog {unknown}
 i - 2 scrolls of teleportation
Potions
 b - 2 potions of haste
 g - a potion of curing
 p - a potion of heal wounds
 q - a potion of magic {unknown}

Dungeon Overview and Level Annotations

Branches:
Dungeon (6/15)             Temple (0/1) D:4

Altars:
Cheibriados
Hepliaklqana
Wu Jian

Shops:
D:4 *

Annotations:
D:3 2 transporters


Message History

Something hits you!
You swing at nothing.
Something hits you but does no damage.
You swing at nothing.
You block something's attack.
You slash something! You burn something.
Something hits you but does no damage. x2; Something hits you.
You swing at nothing.
Something hits you but does no damage.
You swing at nothing.
Something hits you but does no damage.
You hit something but do no damage. You block something's attack. x2
You barely miss something. Something hits you but does no damage.
You swing at nothing.
Something hits you but does no damage.
You hit something. You burn something. Something completely misses you.
You swing at nothing.
Something hits you but does no damage.
You miss something. Something hits you but does no damage.
You block something's attack.
You swing at nothing.
Something hits you but does no damage.
You swing at nothing.
Something hits you.
You swing at nothing.
Something hits you.
You swing at nothing.
You block something's attack. Something hits you!
You hit something but do no damage. Something hits you.
You hit something but do no damage. Something hits you.
Something hits you but does no damage.
You swing at nothing.
You block something's attack.
You swing at nothing.
Something hits you!
You die...

......# #...#
##...
#.......###..#
##..
#........##..#
#..
#...........#
#..
#...........#
..#
#..........# ..
##.........#
#?.........##
#....@.........
#...!..........
#..........####
##.....##..#
##.#### ..# #.
[..# .# ..# ##


There were no monsters in sight!

Vanquished Creatures
  Maggie (D:6)
  Grinder (D:6)
  Prince Ribbit (D:5)
  Sigmund (D:6)
  Menkaure (D:6)
  Edmund (D:5)
  A black bear (D:5)
  A centaur (D:5)
  A phantom (D:5)
  A bullfrog (D:6)
  3 scorpions
  2 howler monkeys
  A jelly (D:5)
  2 hounds
  Jessica (D:3)
  2 orc wizards
  2 iguanas (D:6)
  10 adders
  A white imp (D:4)
  An ufetubus (D:5)
  2 worms (D:2)
  3 dart slugs
  14 orcs
  6 bats
  8 endoplasms
  3 giant cockroaches
  12 goblins
  6 hobgoblins
  4 jackals (D:3)
  6 quokkas
  6 ball pythons
  4 frilled lizards
  6 kobolds
  A rat (D:3)
116 creatures vanquished.

Notes
Turn   | Place    | Note
-------+----------+-------------------------------------------
     0 | D:1      | qw the Gargoyle Cinder Acolyte began the quest for the Orb.
     0 | D:1      | Reached XP level 1. HP: 14/14 MP: 2/2
     0 | D:1      | 0 ||| qw: Version: 0.2-a-95-g4c1bab1
     0 | D:1      | 0 ||| qw: Game counter: 115
     0 | D:1      | 0 ||| qw: Always use a shield: true
     0 | D:1      | 0 ||| qw: God list: Okawaru
     0 | D:1      | 0 ||| qw: Allow faded altars: false
     0 | D:1      | 0 ||| qw: Do Orc after D:15 true
     0 | D:1      | 0 ||| qw: Do second Lair branch before Depths: true
     0 | D:1      | 0 ||| qw: Lair rune preference: random
     0 | D:1      | 0 ||| qw: Plans: Normal
     0 | D:1      | 0 ||| PLANNING D:1-11
   110 | D:1      | Reached skill level 3 in Axes
   207 | D:1      | 207 ||| Stepping ~*~*~tactically~*~*~ (stealth).
   213 | D:1      | Reached XP level 2. HP: 19/19 MP: 3/3
   317 | D:1      | 317 ||| Stepping ~*~*~tactically~*~*~ (hiding).
   609 | D:1      | 609 ||| UPGRADING to +0 leather armour.
   630 | D:1      | 630 ||| DROPPING +0 robe.
   873 | D:1      | 873 ||| READING scroll labelled HUR GUTIGUINUL.
   874 | D:1      | 874 ||| READING scroll labelled FETTUYPSOPN.
   875 | D:1      | 875 ||| READING scroll labelled IMOYRE OWETZ.
   876 | D:1      | 876 ||| READING scroll labelled HYUFIO KOMIDOEFE.
   877 | D:1      | 877 ||| READING scroll labelled QEIXER NICOGIY.
   958 | D:2      | 958 ||| Stepping ~*~*~tactically~*~*~ (stealth).
   972 | D:2      | Reached XP level 3. HP: 20/23 MP: 4/4
   999 | D:2      | 999 ||| INVOKING Fiery Armour.
  1069 | D:2      | Reached XP level 4. HP: 28/28 MP: 5/5
  1223 | D:2      | 1223 ||| Stepping ~*~*~tactically~*~*~ (hiding).
  1315 | D:2      | 1315 ||| Stepping ~*~*~tactically~*~*~ (stealth).
  1362 | D:2      | 1362 ||| Stepping ~*~*~tactically~*~*~ (hiding).
  1515 | D:2      | 1515 ||| Stepping ~*~*~tactically~*~*~ (stealth).
  1517 | D:2      | 1517 ||| Stepping ~*~*~tactically~*~*~ (hiding).
  1654 | D:2      | 1654 ||| UPGRADING to +0 tower shield.
  1659 | D:2      | 1659 ||| UPGRADING to +0 helmet.
  1664 | D:2      | 1664 ||| UPGRADING to ring of willpower.
  1665 | D:2      | 1665 ||| READING scroll labelled GEZ AFRAEVYGHOP.
  1705 | D:2      | 1705 ||| DRINKING 2 black potions.
  1706 | D:2      | 1706 ||| READING 4 scrolls of identify.
  1706 | D:2      | 1706 ||| IDENTIFYING silvery potion
  1707 | D:2      | 1707 ||| READING 3 scrolls of identify.
  1707 | D:2      | 1707 ||| IDENTIFYING ruby potion
  1708 | D:2      | 1708 ||| READING 2 scrolls of identify.
  1708 | D:2      | 1708 ||| IDENTIFYING bubbling coppery potion
  1709 | D:2      | 1709 ||| DROPPING potion of attraction.
  1840 | D:3      | Noticed Jessica
  1848 | D:3      | 1848 ||| INVOKING Fiery Armour.
  1853 | D:3      | Killed Jessica
  1854 | D:3      | Reached skill level 1 in Shields
  1854 | D:3      | Reached XP level 5. HP: 27/32 MP: 6/6
  1897 | D:3      | 1897 ||| Stepping ~*~*~tactically~*~*~ (stealth).
  1900 | D:3      | Reached skill level 2 in Shields
  1936 | D:3      | 1936 ||| Stepping ~*~*~tactically~*~*~ (stealth).
  1939 | D:3      | 1939 ||| Stepping ~*~*~tactically~*~*~ (stealth).
  1979 | D:3      | Found a hazy altar of Hepliaklqana.
  2069 | D:3      | Found a transporter.
  2134 | D:3      | Found a transporter.
  2197 | D:3      | Found an ornate altar of the Wu Jian Council.
  2250 | D:3      | 2250 ||| DROPPING +0 club.
  2289 | D:3      | 2289 ||| Stepping ~*~*~tactically~*~*~ (stealth).
  2428 | D:3      | 2428 ||| UPGRADING to +0 plate armour.
  2438 | D:3      | 2438 ||| DROPPING +0 leather armour.
  2439 | D:3      | 2439 ||| UPGRADING to +0 pair of gloves.
  2444 | D:3      | 2444 ||| DRINKING 2 murky orange potions.
  2445 | D:3      | 2445 ||| DROPPING potion of flight.
  2480 | D:4      | Reached skill level 3 in Shields
  2517 | D:4      | Reached XP level 6. HP: 35/37 MP: 7/7
  2636 | D:4      | Reached skill level 4 in Shields
  2768 | D:4      | Found Muumap's Overcharged Wands.
  2776 | D:4      | 2776 ||| Stepping ~*~*~tactically~*~*~ (stealth).
  2832 | D:4      | Found a staircase to the Ecumenical Temple.
  3143 | D:4      | 3143 ||| Stepping ~*~*~tactically~*~*~ (hiding).
  3343 | D:4      | 3343 ||| DRINKING 2 golden potions.
  3344 | D:4      | 3344 ||| DROPPING potion of brilliance.
  3352 | D:5      | Entered Level 5 of the Dungeon
  3405 | D:5      | 3405 ||| DROPPING +0 whip.
  3522 | D:5      | Reached skill level 5 in Shields
  3522 | D:5      | Reached XP level 7. HP: 38/41 MP: 8/8
  3539 | D:5      | Noticed Prince Ribbit
  3562 | D:5      | HP: 9/41 [Prince Ribbit (13)]
  3563 | D:5      | 3563 ||| DRINKING potion of heal wounds.
  3565 | D:5      | 3565 ||| INVOKING Fiery Armour.
  3566 | D:5      | HP: 1/41 [Prince Ribbit (5)]
  3572 | D:5      | Killed Prince Ribbit
  3573 | D:5      | Reached skill level 6 in Shields
  3721 | D:5      | 3721 ||| DROPPING +0 flail.
  3803 | D:5      | Reached skill level 7 in Shields
  4105 | D:5      | Reached XP level 8. HP: 42/46 MP: 9/9
  4249 | D:5      | 4249 ||| UPGRADING to +1 pair of boots.
  4254 | D:5      | 4254 ||| READING scroll labelled OCAUCE JETHRICK.
  4284 | D:5      | 4284 ||| READING 3 scrolls of identify.
  4284 | D:5      | 4284 ||| IDENTIFYING metallic inky potion
  4285 | D:5      | 4285 ||| READING 2 scrolls of identify.
  4285 | D:5      | 4285 ||| IDENTIFYING emerald potion
  4286 | D:5      | 4286 ||| DROPPING potion of ambrosia.
  4287 | D:5      | 4287 ||| DROPPING potion of lignification.
  4319 | D:6      | Noticed Edmund
  4322 | D:6      | 4322 ||| STAIRDANCE
  4370 | D:6      | 4370 ||| STAIRDANCE
  4377 | D:5      | Reached skill level 3 in Armour
  4398 | D:5      | Killed Edmund
  4399 | D:5      | Reached skill level 8 in Shields
  4479 | D:6      | Noticed Grinder
  4480 | D:6      | 4480 ||| Stepping ~*~*~tactically~*~*~ (stealth).
  4482 | D:6      | 4482 ||| Stepping ~*~*~tactically~*~*~ (stealth).
  4525 | D:6      | Killed Grinder
  4566 | D:6      | Noticed Menkaure
  4583 | D:6      | 4583 ||| INVOKING Fiery Armour.
  4583 | D:6      | Killed Menkaure
  4680 | D:6      | 4680 ||| Stepping ~*~*~tactically~*~*~ (stealth).
  4681 | D:6      | 4681 ||| Stepping ~*~*~tactically~*~*~ (stealth).
  4689 | D:6      | 4689 ||| Stepping ~*~*~tactically~*~*~ (stealth).
  4694 | D:6      | Reached skill level 9 in Shields
  4777 | D:6      | 4777 ||| SWAPPING to +0 war axe.
  4778 | D:6      | 4778 ||| DROPPING -1 hand axe of protection.
  4782 | D:6      | Noticed Sigmund
  4801 | D:6      | Killed Sigmund
  4802 | D:6      | Reached XP level 9. HP: 41/53 MP: 10/10
  4902 | D:6      | Noticed Maggie
  4924 | D:6      | Killed Maggie
  4925 | D:6      | Reached skill level 6 in Axes
  4979 | D:6      | 4979 ||| SWAPPING to +0 war axe of flaming.
  4980 | D:6      | 4980 ||| DROPPING +0 morningstar.
  4981 | D:6      | 4981 ||| DROPPING +0 war axe.
  5217 | D:6      | Found a snail-covered altar of Cheibriados.
  5454 | D:6      | HP: 7/53 [something (7)]
  5455 | D:6      | HP: 3/53 [something (4)]
  5458 | D:6      | Slain by an unseen horror

Levels and vault maps discovered:
D:1:      dpeg_arrival_rooms_a, layout_loops_ring, serial_glass,
          glass_columns_a, glass_columns_a, due_unseen_surprise
D:2:      layout_rooms, minmay_cupped
D:3:      gammafunk_steamed_eel, layout_basic, pdpol_wu_jian_five_deadly_venoms,
          worldfamousw_hep_ancestral_shrine, uniq_jessica
D:4:      layout_loops_ring, minmay_temple_entry_mist, kennysheep_crisscross,
          nicolae_shop_overcharged_wands
D:5:      layout_gridville, serial_park_tiny_pond, kennysheep_decorative_pillar,
          uniq_prince_ribbit1
D:6:      minmay_cornered_nines, layout_cave_pods, kennysheep_little_box,
          uniq_edmund, uniq_grinder, uniq_maggie, uniq_sigmund, uniq_menkaure

Skill      XL: |  1  2  3  4  5  6  7  8  9 |
---------------+----------------------------+-----
Axes           | 3 4 5 6 |  6.7
Shields        | 1 3 5 7 9 |  9.2
Armour         | 2 3 |  3.7
Fighting       | 4 |  4.8
Spellcasting   | |  1.0
Fire Magic     | |  3.0

Action                     |  1- 3 |  4- 6 |  7- 9 || total
---------------------------+-------+-------+-------++-------
  Melee: Hand axe          |    95 |   299 |   269 ||   663
         War axe           |       |       |    81 ||    81
  Throw: Boomerang         |       |     9 |    29 ||    38
 Invoke: Fiery Armour      |     1 |     1 |     2 ||     4
    Use: Scroll            |     5 |     4 |     3 ||    12
         Potion            |       |     3 |     1 ||     4
 Armour: Robe              |    10 |       |       ||    10
         Leather armour    |    25 |    63 |       ||    88
         Skin              |     2 |       |       ||     2
         Plate armour      |       |   169 |   351 ||   520
  Dodge: Dodged            |    55 |    43 |    29 ||   127
  Block: Tower shield      |       |   154 |   249 ||   403

Table legend:
 A = Non-vault XP
 B = Vault XP
 C = Vault XP percentage of total XP
 D = Non-vault monster count
 E = Vault monster count
 F = Vault count percentage of total count
                 A         B        C        D         E       F
            +---------+---------+-------+---------+---------+-------
      Total |    1393 |    1548 |  52.6 |     105 |      11 |   9.5
            +---------+---------+-------+---------+---------+-------
        D:1 |      24 |       0 |   0.0 |      13 |       0 |   0.0
        D:2 |     100 |      10 |   9.1 |      20 |       4 |  16.7
        D:3 |      49 |      37 |  43.0 |      26 |       1 |   3.7
        D:4 |     274 |       0 |   0.0 |      18 |       0 |   0.0
        D:5 |     591 |     434 |  42.3 |      13 |       2 |  13.3
        D:6 |     355 |    1067 |  75.0 |      15 |       4 |  21.1
            +---------+---------+-------+---------+---------+-------
